 Dungeon Crawl Stone Soup version 0.29.1-1-gd02db6906a (webtiles) character file.

Game seed: 6875038925226949936

44 GigaChad the Shield-Bearer (level 3, -2/33 HPs)
             Began as a Minotaur Fighter on Oct 14, 2022.
             Frozen to death by an endoplasm (3 damage)
             ... on level 2 of the Dungeon.
             The game lasted 00:02:48 (1228 turns).

GigaChad the Shield-Bearer (Minotaur Fighter)       Turns: 1228, Time: 00:02:50

Health: -2/33      AC:  8    Str: 22    XL:     3   Next: 41%
Magic:  2/2        EV:  9    Int:  5    God:
Gold:   93         SH:  4    Dex:  9    Spells: 2/2 levels left

rFire   . . .      SeeInvis .   a - +0 flail
rCold   . . .      Faith    .   c - +0 buckler
rNeg    . . .      Spirit   .   b - +0 scale mail
rPois   .          Reflect  .   (helmet restricted)
rElec   .          Harm     .   l - +0 cloak
rCorr   .          Rampage  .   (no gloves)
Will    .....                   (no boots)
Stlth   ..........              (no amulet)
HPRegen 0.11/turn               (no ring)
MPRegen 0.08/turn               (no ring)

@: no status effects
A: horns 2, retaliatory headbutt
a: no special abilities


You were on level 2 of the Dungeon.
You visited 1 branch of the dungeon, and saw 2 of its levels.

You collected 93 gold pieces.

Inventory:

Hand Weapons
 a - a +0 flail (weapon)
Armour
 b - a +0 scale mail (worn)
 c - a +0 buckler (worn)
 f - a scarf of shadows
 l - a +0 cloak (worn)
Scrolls
 e - a scroll of enchant armour {unknown}
 i - a scroll of teleportation {unknown}
 j - a scroll of magic mapping {unknown}
Potions
 d - a potion of might
 g - 2 potions of lignification {unknown}
 h - a potion of degeneration {unknown}
 k - a potion of cancellation {unknown}


   Skills:
 + Level 4.1 Fighting
 + Level 2.6 Maces & Flails
 + Level 4.1 Armour
 * Level 4.6 Shields


You had 2 spell levels left.
You didn't know any spells.
Your spell library was empty.

Dungeon Overview and Level Annotations

Branches:
Dungeon (2/15)

Altars:


Innate Abilities, Weirdness & Mutations

You have a pair of horns on your head.
You reflexively headbutt those who attack you in melee.


Message History

The adder barely misses you. You furiously retaliate!
You headbutt the adder. The endoplasm freezes you.
You are frozen.
The adder barely misses you.
You closely miss the adder. You headbutt the adder.
The adder is almost dead.
The adder bites you but does no damage.
The endoplasm hits you but does no damage.
You closely miss the adder.
The adder is almost dead.
The adder bites you.
You are poisoned.
The adder poisons you! The endoplasm misses you. The adder barely misses you.
You block the endoplasm's attack.
You sock the adder!
You kill the adder!
You feel sick. The endoplasm freezes you.
You are frozen.
* * * LOW HITPOINT WARNING * * *
You feel sick. The endoplasm hits you.
* * * LOW HITPOINT WARNING * * *
Things that are here:
a +0 short sword; an adder corpse The endoplasm attacks as you move away!
The endoplasm hits you but does no damage.
You feel sick.
You hit the endoplasm.
The endoplasm is almost dead.
You feel sick. The endoplasm freezes you.
You are frozen.
* * * LOW HITPOINT WARNING * * *
You barely miss the endoplasm.
The endoplasm is almost dead.
* * * LOW HITPOINT WARNING * * *
You feel sick.
You are no longer poisoned.
The endoplasm freezes you.
You are frozen.
You die...

#. ... #...
#!..# ###
..... ..#
####..###.#
......).#.#
..##..#J#.###
#. #@....#
#........#.#
.....######.##
##.# ##...## #
#.....#
#.....#
#.....###
#..<....#
#.##.##.#


You could see an endoplasm.

Vanquished Creatures
  A gnoll (D:1)
  An adder (D:2)
  3 endoplasms (D:1)
  A giant cockroach (D:1)
  A hobgoblin (D:1)
  2 quokkas (D:1)
  3 ball pythons (D:1)
  3 frilled lizards (D:1)
  4 goblins
  7 kobolds
  A rat (D:1)
27 creatures vanquished.

Notes
Turn   | Place    | Note
-------+----------+-------------------------------------------
     0 | D:1      | GigaChad the Minotaur Fighter began the quest for the Orb.
     0 | D:1      | Reached XP level 1. HP: 19/19 MP: 0/0
   113 | D:1      | Reached XP level 2. HP: 27/27 MP: 1/1
   839 | D:1      | Reached XP level 3. HP: 24/33 MP: 2/2
  1228 | D:2      | HP: 1/33 [poisoned by an adder]
  1228 | D:2      | Frozen to death by an endoplasm

Illustrated notes

Levels and vault maps discovered:
D:1:      minmay_arrival_four_houses, layout_rooms, serial_rivers,
          chequers_serial_rivers_small_a, chequers_serial_rivers_small_a,
          chequers_serial_rivers_marsh, chequers_serial_rivers_large_a,
          chequers_serial_rivers_micro_a, chequers_serial_rivers_small_b,
          glass_columns_a, reono_crystal_passage, solitary_fountain
D:2:      layout_loops_cross, ebering_ecumenical_altar_box, uniq_terence

Skill      XL: |  1  2 |
---------------+-------+-----
Armour         | 4 |  4.1
Fighting       | 4 |  4.1
Shields        | 4 |  4.6
Maces & Flails | |  2.6

Action                   || total
-------------------------++-------
Melee: Flail             ||    68
       Headbutt          ||     8
Armor: Scale mail        ||    48
Dodge: Dodged            ||    56
Block: Buckler           ||    19
